 Dungeon Crawl Stone Soup version 0.30-a0-364-gf6b3ef1049 (webtiles) character file.

Game seed: 6244952679601366579

183 sanka the Caller (level 5, -6/38 HPs)
             Began as a Demigod Summoner on Nov 15, 2022.
             Mangled by a bullfrog (8 damage)
             ... in a sewer.
             The game lasted 00:06:36 (2365 turns).

sanka the Caller (Demigod Summoner)                 Turns: 2365, Time: 00:06:36

Health: -6/38      AC:  4    Str:  9    XL:     5   Next: 13%
Magic:  8/10       EV: 12    Int: 21    God:
Gold:   150        SH:  0    Dex: 14    Spells: 2/8 levels left

rFire   . . .      SeeInvis .    m - +1 whip (elec)
rCold   . . .      Faith    .    (no shield)
rNeg    . . .      Spirit   .    a - +0 robe
rPois   .          Reflect  .    (no helmet)
rElec   .          Harm     .    o - +0 cloak
rCorr   .          Rampage  .    n - +0 pair of gloves
Will    .....                    (no boots)
Stlth   ++........               (no amulet)
HPRegen 0.26/turn                (no ring)
MPRegen 0.12/turn                (no ring)

@: brilliant
A: high MP 1, forlorn, divine attributes
a: no special abilities


You were in a sewer.
You visited 1 branch of the dungeon, and saw 3 of its levels.
You also visited: Sewer.

You collected 150 gold pieces.


Innate Abilities, Weirdness & Mutations

You have an increased reservoir of magic. (+10% MP)
You shall have no god before yourself.
Your divine heritage dramatically boosts your attributes as you level up.


   Skills:
 - Level 1.7 Dodging
 - Level 1.7 Stealth
 - Level 2.0 Spellcasting
 + Level 6.0 Summonings


You had 2 spell levels left.
You knew the following spells:

 Your Spells              Type           Power      Damage    Failure   Level
c - Call Canine Familiar  Summ           41%        N/A       3%          3
x - Call Imp              Summ           41%        N/A       1%          2
z - Summon Small Mammal   Summ           100%       N/A       1%          1

Your spell library contained the following spells:

 Spells                   Type           Power      Damage    Failure   Level
 Summon Guardian Golem    Hex/Summ       22%        N/A       13%         3
 Summon Lightning Spire   Summ/Air       22%        N/A       38%         4
 Gell's Gravitas          Tloc           3%         N/A       41%         3
 Lesser Beckoning         Tloc           6%         N/A       41%         3
 Teleport Other           Tloc           3%         N/A       41%         3

Inventory:

Hand Weapons
 d - a +0 dagger
 m - a +1 whip of electrocution (weapon)
Armour
 a - a +0 robe (worn)
 n - a +0 pair of gloves (worn)
 o - a +0 cloak (worn)
Magical Staves
 r - a staff of cold
Jewellery
 k - a ring of see invisible
Scrolls
 c - 4 scrolls of teleportation {unknown}
 g - a scroll of magic mapping {unknown}
 h - 2 scrolls of enchant armour {unknown}
 i - a scroll of silence {unknown}
 j - a scroll of noise {unknown}
 p - a scroll of vulnerability {unknown}
 q - 2 scrolls of identify {unknown}
 s - a scroll of fear {unknown}
Potions
 e - a potion of haste {unknown}
 f - a potion of curing {unknown}
 l - a potion of brilliance

Dungeon Overview and Level Annotations

Branches:
Dungeon (3/15)              Sewer (1/1)

▒~~≈~.▒ ▒≈≈≈≈≈≈~~.≈≈~
▒~~≈~~▒ ▒≈≈≈≈≈~~.??~.
▒.~≈~~▒ ▒≈≈≈≈≈≈.£?£~~
▒.~≈~.▒ ▒≈≈≈≈≈≈≈B?..~
▒.~≈~.▒ ▒≈≈≈≈≈≈≈≈~~~~~~~
▒.~≈~.▒ ▒≈≈h≈≈≈≈≈≈.~~~≈
▒.~≈~.▒ ▒≈≈≈~≈≈≈≈≈≈≈≈≈≈
▒.~≈~~▒▒▒▒▒▒▒~≈≈≈≈≈≈≈~~≈≈
▒.≈≈~~~~p.h......~~≈~≈≈~~
▒~~≈~~~~~F~~~~~~~~~~≈~~≈≈
▒.~≈≈≈≈≈≈≈≈≈≈≈≈≈≈≈≈≈≈≈≈≈≈
▒~~≈~~~~~~~~~~~~~~~~~~~~~
▒.~≈~~..~.....÷..........
▒~~≈~~▒▒▒▒▒▒▒▒▒▒▒▒▒▒▒▒▒▒▒
▒.~≈~÷▒▒▒▒▒▒▒▒
▒▒▒.~≈5~~~~.~..▒▒▒▒▒▒▒▒
≈≈≈≈≈≈~~~~~~~~~~..∩.∩.▒


You could see a bullfrog (ally target), a friendly hound (summoned) and a
friendly crimson imp (summoned).


Message History

Unknown command.
A beastly little devil appears in a puff of flame.
The bullfrog closely misses you. The bullfrog closely misses you.
Your hound bites the bullfrog.
Unknown command.
Unknown command.
You hit the bullfrog. Lightning courses through the bullfrog!
You kill the bullfrog!
The bullfrog closely misses you.
Your hound bites the bullfrog.
The bullfrog hits you.
* * * LOW HITPOINT WARNING * * *
Your hound closely misses the bullfrog.
Your Summonings skill increases to level 6!
You have reached level 5!
You miss the bullfrog.
The bullfrog is moderately wounded.
The bullfrog hits you!
* * * LOW HITPOINT WARNING * * *
Your hound barely misses the bullfrog.
The bullfrog closely misses you.
Unknown command.
Unknown command.
It was a potion of brilliance.
You feel clever all of a sudden.
Your hound bites the bullfrog.
The bullfrog hits you!
You die...

Action                   |  1- 3 |  4- 6 || total
-------------------------+-------+-------++-------
Melee: Unarmed           |    11 |       ||    11
       Dagger            |    42 |       ||    42
       Whip              |    74 |    30 ||   104
 Cast: Summon Small Mamm |    15 |       ||    15
       Call Imp          |    15 |     8 ||    23
       Call Canine Famil |       |     4 ||     4
  Use: Potion            |       |     2 ||     2
 Stab: Sleeping          |     5 |     2 ||     7
Armor: Robe              |    44 |    17 ||    61
Dodge: Dodged            |    95 |    42 ||   137

Levels and vault maps discovered:
D:1:      nzn_arrival_depleted_hourglass, layout_basic, minivault_24
D:2:      layout_basic
D:3:      layout_loops_ring, tso_oasis_becter, portal_sewer_entry_d,
          nicolae_concentric_dashed_squares_wild
Sewer:    sewer_frog_island_01

Notes
Turn   | Place    | Note
-------+----------+-------------------------------------------
     0 | D:1      | sanka the Demigod Summoner began the quest for the Orb.
     0 | D:1      | Reached XP level 1. HP: 14/14 MP: 5/5
   139 | D:1      | Reached skill level 2 in Spellcasting
   210 | D:1      | Reached skill level 4 in Summonings
   240 | D:1      | Reached XP level 2. HP: 20/20 MP: 7/7
   243 | D:1      | Learned a level 2 spell: Call Imp
   936 | D:2      | Reached XP level 3. HP: 16/26 MP: 6/8
  1265 | D:2      | Learned a level 3 spell: Call Canine Familiar
  1408 | D:2      | Reached skill level 5 in Summonings
  1982 | D:3      | Reached XP level 4. HP: 22/33 MP: 9/9
  1982 | D:3      | Found a glowing drain.
  2022 | Sewer    | Entered a sewer
  2348 | Sewer    | Noticed a bullfrog
  2350 | Sewer    | Noticed a bullfrog
  2363 | Sewer    | Killed a bullfrog
  2364 | Sewer    | Reached skill level 6 in Summonings
  2364 | Sewer    | Reached XP level 5. HP: 9/38 MP: 7/10
  2364 | Sewer    | HP: 2/38 [bullfrog (8)]
  2365 | Sewer    | Mangled by a bullfrog

Vanquished Creatures
  A bullfrog (Sewer)
  2 adders
  A worm (D:2)
  2 dart slugs (D:2)
  7 ball pythons
  6 bats
  An endoplasm (D:1)
  5 giant cockroaches
  4 goblins
  3 hobgoblins
  3 jackals (D:2)
  3 quokkas
  5 frilled lizards
  3 kobolds
  2 rats
48 creatures vanquished.

Vanquished Creatures (collateral kills)
  2 adders
  2 ball pythons (Sewer)
  3 bats
  An endoplasm (D:1)
  7 giant cockroaches
  2 goblins (D:2)
  5 frilled lizards
  5 kobolds
  A rat (D:1)
28 creatures vanquished.

Grand Total: 76 creatures vanquished
